 Dungeon Crawl Stone Soup version 0.30-a0-329-g85436e0a43 (webtiles) character file.

Game seed: 755858669017955753

486 purpskrrrp the Ruffian (level 6, -10/59 HPs)
             Began as a Troll Fighter on Oct 28, 2022.
             Was a Follower of the Shining One.
             Mangled by a gnoll
             ... wielding a +0 halberd
              (11 damage)
             ... on level 5 of the Dungeon.
             The game lasted 00:03:37 (2962 turns).

purpskrrrp the Ruffian (Troll Fighter)              Turns: 2962, Time: 00:03:37

Health: -10/59     AC:  4    Str: 27    XL:     6   Next: 89%
Magic:  7/7        EV:  8    Int:  4    God:    the Shining One [*.....]
Gold:   157        SH:  7    Dex:  9    Spells: 5/5 levels left

rFire   . . .      SeeInvis .      - Unarmed
rCold   . . .      Faith    .    b - +0 kite shield
rNeg    . . .      Spirit   .    a - +0 robe
rPois   +          Reflect  .    (helmet restricted)
rElec   .          Harm     .    (no cloak)
rCorr   .          Rampage  .    (gloves unavailable)
Will    .....                    (boots unavailable)
Stlth   +.........               (no amulet)
HPRegen 1.09/turn                d - ring of poison resistance
MPRegen 0.10/turn                (no ring)

@: glowing
A: large, unfitting armour, claws 3, regeneration 1, shaggy fur 1, tough skin 1
a: Renounce Religion, Divine Shield


You were on level 5 of the Dungeon.
You worshipped the Shining One.
The Shining One was aware of your devotion.
You visited 1 branch of the dungeon, and saw 5 of its levels.

You collected 157 gold pieces.

Inventory:

Armour
 a - a +0 robe (worn)
 b - a +0 kite shield (worn)
Jewellery
 d - a ring of poison resistance (left claw)
 i - a +6 ring of intelligence
 p - a +4 ring of evasion
Scrolls
 g - 2 scrolls of identify
 n - a scroll of teleportation
Potions
 c - a potion of might
 e - 3 potions of haste
 f - 2 potions of attraction
 h - 2 potions of curing
 j - a potion of ambrosia
 k - 2 potions of brilliance
 l - 3 potions of magic
 m - a potion of flight {unknown}
 o - a potion of degeneration {unknown}


   Skills:
 - Level 2.4 Fighting
 - Level 2.4 Dodging
 + Level 4.0 Shields
 * Level 5.8 Unarmed Combat
 + Level 2.8 Invocations


You had 5 spell levels left.
You didn't know any spells.
Your spell library contained the following spells:

 Spells                   Type           Power      Damage    Failure   Level
 Blade Hands              Tmut           0%         N/A       100%        5
 Irradiate                Conj/Tmut      0%         3d11      100%        5
 Dragon Form              Tmut           0%         N/A       100%        7


Dungeon Overview and Level Annotations

Branches:
Dungeon (5/15)
 Temple: D:4-7

Altars:
Ashenzari
The Shining One

Shops:
D:2 [   D:5 :


Innate Abilities, Weirdness & Mutations

You are too large for most types of armour.
You have claws for hands.
Your natural rate of healing is unusually fast.
You are covered in fur. (AC +1)
You have tough skin. (AC +1)


Message History

You are held in a net!
You are held in a net!
You are held in a net!
You are held in a net!
You struggle against the net.
The gnoll hits you from afar with a +0 halberd! x2
* * * LOW HITPOINT WARNING * * *
You tear a large gash into the net.
The gnoll hits you from afar with a +0 halberd.
* * * LOW HITPOINT WARNING * * *
The gnoll hits you from afar with a +0 halberd!
* * * LOW HITPOINT WARNING * * *
You shred the net and break free!
The gnoll hits you from afar with a +0 halberd!
The Shining One protects you from harm! The gnoll barely misses you.
You feel better.
The gnoll throws a throwing net.
The throwing net hits you.
You become entangled in the net!
You tear a large gash into the net.
The gnoll barely misses you.
Unknown command.
You struggle against the net.
The gnoll hits you but does no damage.
You struggle against the net.
The gnoll hits you from afar with a +0 halberd.
* * * LOW HITPOINT WARNING * * *
You rip the net and break free!
You block the gnoll's attack. The gnoll hits you with a +0 halberd.
* * * LOW HITPOINT WARNING * * *
You block the gnoll's attack.
You see here a hound corpse.
You claw the gnoll!
The gnoll is almost dead.
The gnoll hits you from afar with a +0 halberd.
* * * LOW HITPOINT WARNING * * *
The gnoll barely misses you.
You barely miss the gnoll.
The gnoll is almost dead.
The gnoll hits you with a +0 halberd!
* * * LOW HITPOINT WARNING * * *
The gnoll hits you from afar with a +0 halberd!
You die...

...........+
#..........# #.
#.#>......## .
#.##.....## .
#. ##...##
##.## ##'##
.#.# #.# .g#
######.# #g#
.......## #@#
#####...## #.#
#.....#######.#
##............#
#...##########
#####


You could see 2 gnolls.

Vanquished Creatures
  Sigmund (D:4)
  An ice beast (D:4)
  A scorpion (D:4)
  2 hounds
  Jessica (D:3)
  3 adders
  A gnoll (D:5)
  A worm (D:2)
  4 dart slugs
  An orc (D:3)
  6 ball pythons
  7 endoplasms
  2 giant cockroaches
  3 goblins
  4 hobgoblins
  2 kobolds (D:1)
  A quokka (D:3)
  A frilled lizard (D:2)
  4 rats
46 creatures vanquished.

Notes
Turn   | Place    | Note
-------+----------+-------------------------------------------
     0 | D:1      | purpskrrrp the Troll Fighter began the quest for the Orb.
     0 | D:1      | Reached XP level 1. HP: 22/22 MP: 0/0
   215 | D:1      | Reached XP level 2. HP: 29/29 MP: 1/1
   308 | D:1      | Found a faded altar of an unknown god.
   435 | D:1      | Reached skill level 3 in Unarmed Combat
   688 | D:1      | Prayed at the altar of an unknown god.
   688 | D:1      | Became a worshipper of the Shining One
   688 | D:1      | Reached * piety under the Shining One
   857 | D:2      | Found Ymuhitui's Armour Shoppe.
  1223 | D:2      | Reached XP level 3. HP: 36/36 MP: 2/2
  1615 | D:3      | Reached skill level 1 in Invocations
  1615 | D:3      | Reached XP level 4. HP: 34/44 MP: 3/3
  1740 | D:3      | Noticed Jessica
  1745 | D:3      | Killed Jessica
  1746 | D:3      | Reached skill level 4 in Unarmed Combat
  2283 | D:4      | Noticed Sigmund
  2290 | D:4      | Killed Sigmund
  2291 | D:4      | Reached skill level 5 in Unarmed Combat
  2291 | D:4      | Reached XP level 5. HP: 34/50 MP: 5/5
  2291 | D:4      | Reached XP level 6. HP: 40/59 MP: 6/6
  2509 | D:4      | Found a broken altar of Ashenzari.
  2524 | D:4      | Noticed an ice beast
  2535 | D:4      | Killed an ice beast
  2909 | D:5      | Entered Level 5 of the Dungeon
  2909 | D:5      | Found Vaarif's Book Emporium.
  2952 | D:5      | HP: 1/59 [gnoll/+0 halberd (9)]
  2953 | D:5      | The Shining One protects you from harm!
  2962 | D:5      | HP: 1/59 [gnoll/+0 halberd (11)]
  2962 | D:5      | Mangled by a gnoll

Illustrated notes

Levels and vault maps discovered:
D:1:      eino_arrival_cavern_b, layout_basic,
          hellmonk_ecumenical_altar_pennies_from_heaven
D:2:      layout_basic, serial_shops, shop
D:3:      layout_loops_ring, dk_noncrumbling_2, dreamdust_princess_corridor,
          guppyfry_early_lair_pool, uniq_jessica
D:4:      layout_basic, ashenzari_conservatory_becter, nicolae_titane,
          uniq_sigmund
D:5:      layout_loops_corners, temple_green, serial_shops, shop,
          uniq_crazy_yiuf_cottage

Skill      XL: |  1  2  3  4  5  6 |
---------------+-------------------+-----
Unarmed Combat | 3 5 |  5.8
Shields        | 3 4 |  4.0
Invocations    | 1 2 |  2.8
Fighting       | |  2.4
Dodging        | |  2.4

Action                   |  1- 3 |  4- 6 || total
-------------------------+-------+-------++-------
Melee: Unarmed           |    52 |    44 ||    96
  Use: Scroll            |     9 |     2 ||    11
       Potion            |       |     1 ||     1
Armor: Robe              |    11 |     7 ||    18
Dodge: Dodged            |     8 |    19 ||    27
Block: Kite shield       |    13 |    11 ||    24

Table legend: (Time is in decaauts)
 A = Elapsed time spent in this place.
 B = Non-inter-level travel time spent in this place.
 C = Inter-level travel time spent in this place.
 D = Time resting spent in this place.
 E = Time spent auto-exploring this place.
 F = Levels seen in this place.
 G = Mean time per level.
                   A        B        C        D        E       F      G
               +--------+--------+--------+--------+--------+-----+--------+
         Total |   2970 |   2869 |    101 |      0 |   2555 |   5 |  594.0 |
       Dungeon |   2970 |   2869 |    101 |      0 |   2555 |   5 |  594.0 |
               +--------+--------+--------+--------+--------+-----+--------+

Top non-repeatable levels by time:
     D:2: 856 daAuts
     D:4: 697 daAuts
     D:1: 697 daAuts
     D:3: 666 daAuts
     D:5: 53 daAuts
